 Dungeon Crawl Stone Soup version 0.19.1-1-g22dce08 (webtiles) character file.

222 dvd the Cudgeler (level 5, -5/53 HPs)
             Began as a Troll Monk on Dec 30, 2016.
             Was a Believer of Cheibriados.
             Slain by a troll (9 damage)
             ... on level 4 of the Dungeon.
             The game lasted 00:06:26 (2678 turns).

dvd the Cudgeler (Troll Monk)                       Turns: 2678, Time: 00:06:26

Health: -5/53      AC:  5    Str: 23    XL:     5   Next: 66%
Magic:  4/4        EV: 11    Int: 11    God:    Cheibriados [**....]
Gold:   95         SH:  0    Dex: 16    Spells: 0 memorised, 4 levels left

rFire  . . .     SeeInvis .     E - +2 whip (elec)
rCold  . . .     Gourm    +     s - +0 robe
rNeg   . . .     Faith    .     (no shield)
rPois  .         Spirit   .     (helmet restricted)
rElec  .         Reflect  .     (no cloak)
rCorr  .         Harm     .     (gloves unavailable)
MR     +....                    (boots unavailable)
Stlth  ++........               (no amulet)
                                w - ring of protection from magic
                                x - ring of flight

@: very slow
A: unfitting armour, claws 3, fast metabolism 3, gourmand, regeneration 1,
shaggy fur 1, tough skin 2
a: Bend Time, Renounce Religion, Evoke Flight


You were on level 4 of the Dungeon.
You worshipped Cheibriados.
Cheibriados was pleased with you.
You were completely stuffed.

You visited 1 branch of the dungeon, and saw 4 of its levels.

You collected 95 gold pieces.

Inventory:

Hand Weapons
 a - a +0 mace
 b - a +0 hunting sling
 o - a +0 dire flail
 v - a +0 dagger of protection
 E - a +2 whip of electrocution (weapon)
Missiles
 t - 16 sling bullets
Armour
 s - a +0 robe (worn)
Jewellery
 l - an uncursed ring of resist corrosion
 m - an uncursed amulet of faith
 w - a ring of protection from magic (right claw)
 x - a ring of flight (left claw)
 A - an uncursed ring of magical power
Wands
 D - a wand of disintegration (10/24)
Scrolls
 g - 2 scrolls of remove curse {unknown}
 i - a scroll of enchant weapon {unknown}
 k - a scroll of identify {unknown}
 u - a scroll of teleportation {unknown}
 y - 2 scrolls of amnesia {unknown}
 z - a scroll of magic mapping {unknown}
 B - 3 scrolls of enchant armour {unknown}
Potions
 d - a potion of cancellation {unknown}
 e - 2 potions of curing {unknown}
 f - 2 potions of brilliance {unknown}
 j - 2 potions of heal wounds {unknown}
 n - 3 potions of haste {unknown}
 p - 2 potions of degeneration {unknown}
 C - a potion of flight {unknown}
Comestibles
 c - 2 bread rations
 h - a slice of pizza
 q - 3 fruits
 r - a royal jelly
 F - a beef jerky
 G - a chunk of flesh


   Skills:
 + Level 3.3 Fighting
 + Level 4.3 Maces & Flails
 + Level 3.4 Dodging
 + Level 1.2 Stealth


You had 4 spell levels left.
You didn't know any spells.

Dungeon Overview and Level Annotations

Branches:
Dungeon (4/15)
 Temple: D:4-7

Altars:
Cheibriados
Hepliaklqana
Nemelex Xobeh
Uskayaw
Yredelemnul


Innate Abilities, Weirdness & Mutations

You are too large for most types of armour.
You have claws for hands.
Your metabolism is lightning-fast.
You like to eat raw meat.
Your natural rate of healing is unusually fast.
You are covered in fur. (AC +1)
You have very tough skin. (AC +2)


Message History

The troll bites you. The troll claws you.
The troll claws you but does no damage.
You barely miss the troll.
The troll is lightly wounded.
The troll bites you. The troll claws you! The troll claws you.
You hit the troll.
The troll is moderately wounded.
The troll bites you!
* * * LOW HITPOINT WARNING * * *
The troll closely misses you. x2
You hit the troll.
The troll is moderately wounded.
Okay, then.
Unknown command.
You completely miss the troll.
The troll is moderately wounded.
The troll bites you!
* * * LOW HITPOINT WARNING * * *
The troll claws you!
You die...

#...## #.#.......####
##...## #.#..........#
###.....#####>...........#
##................<.......#
#........###########.>.####
....>...## #...# #...##.##
#...### ##.#####
#########..# #.#
##.@T....##.# #.###
#..#.###..#.# #...#
####.#.!# ##.# ###.#
#.#.##### #..# #.#
####.##.#.## #### #.#
##.##.#.#.#.##
#.###.#.#.######.#
#.##.###..#.#.#.##.)#
#...## ##..........#


You could see a troll.

Vanquished Creatures
  A scorpion (D:4)
  A worker ant (D:4)
  A howler monkey zombie (D:3)
  4 gnolls (D:3)
  3 adders (D:2)
  An ooze (D:3)
  2 dart slugs (D:3)
  2 leopard geckos
  An orc (D:3)
  2 giant cockroaches
  5 goblins
  7 hobgoblins
  9 jackals
  3 quokkas
  9 bats
  3 frilled lizards (D:1)
  4 kobolds
  8 rats
66 creatures vanquished.

Notes
Turn   | Place    | Note
-------+----------+-------------------------------------------
     0 | D:1      | dvd the Troll Monk began the quest for the Orb.
     0 | D:1      | Reached XP level 1. HP: 22/22 MP: 0/0
   200 | D:1      | Reached skill level 3 in Maces & Flails
   200 | D:1      | Reached XP level 2. HP: 28/29 MP: 1/1
   736 | D:1      | Reached XP level 3. HP: 36/36 MP: 2/2
  1229 | D:2      | Found a hide-covered altar of Uskayaw.
  1327 | D:2      | Found a runed door.
  1327 | D:2      | Noticed a human
  1329 | D:2      | Found a basalt altar of Yredelemnul.
  1545 | D:2      | Reached XP level 4. HP: 43/44 MP: 3/3
  1852 | D:3      | Found a sparkling altar of Nemelex Xobeh.
  2030 | D:3      | Reached XP level 5. HP: 49/53 MP: 4/4
  2100 | D:3      | Found a faded altar of an unknown god.
  2318 | D:3      | Found a snail-covered altar of Cheibriados.
  2326 | D:3      | Became a worshipper of Cheibriados the Contemplative
  2326 | D:3      | Reached * piety under Cheibriados
  2326 | D:3      | Reached ** piety under Cheibriados
  2449 | D:4      | Reached skill level 4 in Maces & Flails
  2548 | D:4      | Found a hazy altar of Hepliaklqana.
  2670 | D:4      | Noticed a troll
  2678 | D:4      | Slain by a troll

Skill      XL: |  1  2  3  4  5 |
---------------+----------------+-----
Maces & Flails | 3 4 |  4.3
Dodging        | 3 |  3.4
Fighting       | 3 |  3.3
Stealth        | |  1.2

Action                   |  1- 3 |  4- 6 || total
-------------------------+-------+-------++-------
Melee: Mace              |   127 |       ||   127
       Dire flail        |    27 |    64 ||    91
       Whip              |       |    13 ||    13
 Stab: Sleeping          |     2 |     3 ||     5
  Eat: Chunk             |    20 |     9 ||    29
Armor: Robe              |    84 |    19 ||   103
Dodge: Dodged            |   130 |    47 ||   177
